Unix NetHack Version 5.0.0-0 post-release - last build Jul 19 2026 19:10:59 (3aa4ab31751d3886436d94b585a96704892fd477,branch:main).

Game began 2026-07-22 22:13:33, ended 2026-07-22 23:29:02.

IanCurtis, chaotic male elven Wizard

            -------
            |...<.-#####---------------------------------
            |.....| #  #|............%....).............|
            -------    #|.----.  .-----%----|--..-----..|
                       #|.| .|---.|...-....|..|..|!((|..|
                       #..| .|..|.|.!.|.|).|..|..|/(!|..+
                       #|.--||..|.|..)|.--------.|...|..|
                      ##|....|..|.|...|.*..|.//|.---|-..|
                      ##|.{..--|-.----|)...-.//|........|
                      ##|..........|..|-+-.-----@u-----.|
                      ##|....-|--..[..|  |.......@-.!!|.|
                       #..-|-|..|.----|  -|---....|...|.|
                       #|.|..|..|.|./[|--|.  ----(-----.|
                       #|.|..|---.|.)%|..|..    +.......|
                        |.|..|....-.!%|..|..    |.......|
                         .----....-----|---------.....{.|
                        |...............................|
                        ---------------------------------

IanCurtis the Thaumaturge  St:10 Dx:15 Co:14 In:15 Wi:13 Ch:10  Chaotic
Dlvl:6  $:333 HP:0(32) Pw:53(80) AC:10 Xp:6 T:2667 

Latest messages:
 There are many objects here.
 There is a black flash as a scroll labeled ABRA KA DABRA hits the altar.
 There is a black flash as 2 scrolls labeled LEP GEX VEN ZEA hit the altar.
 There is a black flash as a scroll labeled TEMOV hits the altar.
 There is a black flash as 2 scrolls of teleportation hit the altar.
 There is a black flash as a parchment spellbook hits the altar.
 There is a black flash as 2 fizzy potions hit the altar.
 There is a black flash as an orange potion hits the altar.
 There is a black flash as a puce potion hits the altar.
 M - an uncursed black potion.
 q - 3 uncursed potions of healing.
 You swap places with the peaceful watchman.
 You see here an orc corpse.
 You see here an arrow.
 You swap places with the peaceful watch captain.
 You hear the chime of a cash register.
 The door opens.
 "Hello, IanCurtis!  Welcome to Izchak's lighting store!"
 "Will you please leave your pick-axe outside?"
 What do you want to drop? [$a-ei-ln-svx-zAD-FHIMRUXY or ?*] d
 You drop an uncursed pick-axe.
 "Hello, IanCurtis!  Welcome again to Izchak's lighting store!"
 You see here a black potion (for sale, 333 zorkmids).
 You see here a candle (for sale, 27 zorkmids).
 You see here a crystal wand (for sale, 133 zorkmids).
 You see here a candle (for sale, 13 zorkmids).
 You see here a candle (for sale, 36 zorkmids).
 You see here a black potion (for sale, 333 zorkmids).
 You see here an uncursed pick-axe.
 d - an uncursed pick-axe.
 You swap places with the peaceful watch captain.
 "Hello, IanCurtis!  Welcome to Tringanoe's delicatessen!"
 "Will you please leave your pick-axe outside?"
 What do you want to drop? [$a-ei-ln-svx-zAD-FHIMRUXY or ?*] d
 You drop an uncursed pick-axe.
 "Hello, IanCurtis!  Welcome again to Tringanoe's delicatessen!"
 You hear someone cursing shoplifters.
 You see here a potion of fruit juice (for sale, 67 zorkmids).
 You see here a potion of fruit juice (for sale, 67 zorkmids).
 You see here a potion of fruit juice (for sale, 67 zorkmids).
 The gray unicorn butts!
 The gray unicorn kicks!
 The gray unicorn butts!
 The gray unicorn kicks!
 You see here an uncursed pick-axe.
 The gray unicorn butts!
 The gray unicorn kicks!
 The gray unicorn butts!
 You die...
 Do you want your possessions identified? [ynq] (y) q

Inventory:
 Coins    ('$')
  $ - 333 gold pieces
 Weapons  (')')
  a - a blessed +1 quarterstaff (weapon in hands)
 Armor    ('[')
  b - an uncursed burnt +0 cloak of magic resistance (being worn)
 Comestibles  ('%')
  v - 3 uncursed food rations
 Scrolls  ('?')
  y - an uncursed scroll of confuse monster
  i - 2 uncursed scrolls of create monster
  j - an uncursed scroll of earth
  r - an uncursed scroll of enchant weapon
  z - an uncursed scroll of fire
  k - 3 uncursed scrolls of identify
  p - 3 uncursed scrolls of remove curse
 Potions  ('!')
  E - an uncursed potion of confusion
  q - 3 uncursed potions of healing
  s - an uncursed potion of levitation
  M - an uncursed potion of oil
 Rings    ('=')
  e - an uncursed +2 ring of adornment
  R - an uncursed +1 ring of increase damage
  I - an uncursed ring of searching
 Wands    ('/')
  D - a wand of digging (0:8)
  Y - a cursed wand of fire (0:5)
  U - a wand of light (0:9)
  X - a wand of magic missile (0:4)
  F - a wand of polymorph (0:5)
  c - a wand of secret door detection (0:11)
  H - a wand of striking (0:8)
  A - a wand of undead turning (0:8)
  x - a wand of undead turning (0:5)
 Tools    ('(')
  o - an uncursed wooden flute
  l - a cursed lock pick
  n - a magic marker (0:19)

IanCurtis the Wizard's attributes:

Background:
 You were a Thaumaturge, a level 6 male elven Wizard.
 You were chaotic, on a mission for Anhur
 who was opposed by Ptah (lawful) and Thoth (neutral).
 You were right-handed.
 You were in the Gnomish Mines, on level 6.
 You entered the dungeon 2667 turns ago.
 It was nighttime.
 You had 385 experience points, 255 more were needed to attain level 7.

Basics:
 You had 0 out of 32 hit points.
 You had 53 out of 80 energy points (spell power).
 Your armor class was 10.
 Your wallet contained 333 zorkmids.
 Autopickup was off.

Final Characteristics:
 Your strength was 10 (limit:18).
 Your dexterity was 15 (limit:18).
 Your constitution was 14 (limit:16).
 Your intelligence was 15 (limit:20).
 Your wisdom was 13 (limit:20).
 Your charisma was 10 (limit:18).

Final Status:
 You weren't hungry.
 You were unencumbered.
 You were wielding a quarterstaff.
 You had basic skill with quarterstaff and could have enhanced that.

Final Attributes:
 You were piously aligned.
 You were magic-protected.
 You were sleep resistant.
 You were telepathic.
 You had infravision.
 You were warded.
 You are dead.

Miscellaneous:
 You encountered 1 bones level.
 Total elapsed playing time was 21 minutes and 25 seconds.

Major events:
 Turn
    1: IanCurtis the chaotic male elven Wizard entered the dungeon
  731: attained the rank of Conjurer (level 3)
 1302: entered the Gnomish Mines
 2233: reached Mine Town
 2398: attained the rank of Thaumaturge (level 6)
 2667: killed by a gray unicorn

Spells:
 Name                 Level Category     Fail Retention
 force bolt             1   attack         0%   81%-90%
 light                  1   divination     0%  76%-100%
 healing                1   healing        0%  76%-100%
 sleep                  3   enchantment    0%  91%-100%

Skills:
 Fighting Skills
   bare handed combat [Unskilled]
   riding             [Unskilled]
 Weapon Skills
   dagger             [Unskilled]
   knife              [Unskilled]
   axe                [Unskilled]
   short sword        [Unskilled]
   club               [Unskilled]
   mace               [Unskilled]
   quarterstaff       [Basic]
   polearms           [Unskilled]
   spear              [Unskilled]
   trident            [Unskilled]
   sling              [Unskilled]
   dart               [Unskilled]
   shuriken           [Unskilled]
 Spellcasting Skills
   attack spells      [Basic]
   healing spells     [Unskilled]
   divination spells  [Unskilled]
   enchantment spells [Basic]
   clerical spells    [Unskilled]
   escape spells      [Unskilled]
   matter spells      [Unskilled]

Voluntary challenges:
 Character rerolling was not enabled.
 You never genocided any monsters.
 You never polymorphed an object.
 You never changed form.
 You used no wishes.
Achievements:
 You attained the rank of Conjurer.
 You entered the Gnomish Mines.
 You entered Minetown.
 You entered a shop.
 You attained the rank of Thaumaturge.
 You entered a temple.

 The Dungeons of Doom: levels 1 to 6
    Level 1:
    Level 2: "spellbooks by altar"
       Many altars.
    Level 3:
       Stairs down to The Gnomish Mines.
    Level 4:
       A fountain.
    Level 5:
    Level 6:
 The Gnomish Mines: levels 4 to 6
    Level 4:
    Level 5:
    Level 6: <- You were here.
       Many shops, a temple and an altar, some fountains, some graves.
       Final resting place for
          you, killed by a gray unicorn,
          androo-Wiz-Hum-Mal-Neu, killed by a bolt of fire zapped by a gnomish wizard,
          greengrass-Wiz-Hum-Mal-Neu, killed by a gnome lord.


Vanquished creatures:
  a ghost
  a water nymph
  a pony
  a fog cloud
  a gnome leader
  2 gnomish wizards
  a gray ooze
  2 floating eyes
  2 kittens
  4 dwarves
  a rothe
 an orc zombie
 an iguana
 an acid blob
  3 coyotes
  a hobbit
  4 manes
  a giant rat
  a brown mold
  8 gnomes
  a gecko
  3 jackals
  a kobold
  a goblin
  5 grid bugs
  2 bats
  a lichen
  3 newts
55 creatures vanquished.

No species were genocided or became extinct.

Game over:
                       ----------
                      /          \
                     /    REST    \
                    /      IN      \
                   /     PEACE      \
                  /                  \
                  |    IanCurtis     |
                  |      333 Au      |
                  | killed by a gray |
                  |     unicorn      |
                  |                  |
                  |                  |
                  |       2026       |
                 *|     *  *  *      | *
        _________)/\\_//(\/(/\)/\//\/|_)_______

Goodbye IanCurtis the Wizard...

You died in The Gnomish Mines on dungeon level 6 with 2100 points,
and 333 pieces of gold, after 2667 moves.
You were level 6 with a maximum of 32 hit points when you died.

